 Dungeon Crawl Stone Soup version 0.19.5 (webtiles) character file.

163597 Azzok the Crack Shot (level 17, -2/146 HPs)
             Began as a Minotaur Fighter on July 13, 2017.
             Was the Champion of Okawaru.
             Succumbed to a wolf spider's poison
             ... on level 2 of the Spider Nest on July 14, 2017.
             The game lasted 01:25:27 (31762 turns).

Azzok the Crack Shot (Minotaur Fighter)            Turns: 31762, Time: 01:25:28

Health: -2/146     AC: 23    Str: 22    XL:     17   Next: 24%
Magic:  0/24       EV: 10    Int: 15    God:    Okawaru [******]
Gold:   2110       SH:  0    Dex: 22    Spells: 2 memorised, 12 levels left

rFire  + + .     SeeInvis +     a - +10 longbow of a wizard's laboratory {flame, Int+7}
rCold  . . .     Gourm    .     J - +0 plate armour {rPois}
rNeg   . . .     Faith    .     (shield currently unavailable)
rPois  +         Spirit   +     T - +1 hat {Int+3}
rElec  +         Reflect  .     y - +2 cloak {MR+}
rCorr  .         Harm     .     K - +2 pair of gloves {Dex+3}
MR     +++..                    N - +0 pair of boots
Stlth  ..........               A - amulet of guardian spirit
                                Q - ring of protection from magic
                                x - ring "Xazo" {rElec rF+ Dex+3 SInv Stlth+}

@: lethally poisoned (-2 -> -32), heroism
A: retaliatory headbutt, horns 2, fire resistance 1, poison resistance
a: Heroism, Finesse, Renounce Religion


You were on level 2 of the Spider Nest.
You worshipped Okawaru.
Okawaru was exalted by your worship.
You were not hungry.

You visited 6 branches of the dungeon, and saw 29 of its levels.
You also visited: Bailey.

You collected 2789 gold pieces.
You spent 679 gold pieces at shops.

Inventory:

Hand Weapons
 a - the +10 longbow of a wizard's laboratory (weapon) {flame, Int+7}
   (You found it on level 1 of the Shoals)

   It causes projectiles fired from it to burn those they strike, causing extra
   injury to most foes and up to half again as much damage against particularly
   susceptible opponents.
   It affects your intelligence (+7).
 b - a +3 lajatang of electrocution
 G - a +9 longbow of freezing
Missiles
 q - 566 arrows (quivered)
Armour
 y - a +2 cloak of magic resistance (worn)
 J - a +0 plate armour of poison resistance (worn)
 K - a +2 pair of gloves of dexterity (worn)
 N - a +0 pair of boots (worn)
 T - a +1 hat of intelligence (worn)
Jewellery
 e - the ring of Vecomuy {rElec rC+}
   (You bought it in a shop on level 2 of the Orcish Mines)

   [ring of protection from cold]

   It protects you from cold.
   It insulates you from electricity.
 x - the ring "Xazo" (left hand) {rElec rF+ Dex+3 SInv Stlth+}
   (You found it on level 7 of the Dungeon)

   [ring of protection from fire]

   It affects your dexterity (+3).
   It protects you from fire.
   It insulates you from electricity.
   It lets you see invisible.
   It makes you more stealthy.
 A - an amulet of guardian spirit (around neck)
 H - an uncursed ring of flight
 M - an uncursed ring of fire
 Q - a ring of protection from magic (right hand)
 U - an uncursed ring of ice
Wands
 j - a wand of digging (9/24)
 r - a wand of teleportation (2/9)
Scrolls
 c - a scroll of brand weapon {unknown}
 k - 8 scrolls of teleportation
 o - a scroll of silence {unknown}
 s - 14 scrolls of remove curse
 t - 3 scrolls of fog
 E - 9 scrolls of blinking
 F - 5 scrolls of magic mapping
 O - a scroll of torment {unknown}
 V - 3 scrolls of fear
Potions
 d - 4 potions of might
 h - 2 potions of magic {unknown}
 i - 2 potions of agility {unknown}
 n - 15 potions of curing {unknown}
 u - 3 potions of ambrosia {unknown}
 v - 3 potions of haste {unknown}
 w - 8 potions of resistance {unknown}
 z - 2 potions of lignification {unknown}
 B - 3 potions of heal wounds {unknown}
 C - 3 potions of brilliance {unknown}
 L - 5 potions of invisibility {unknown}
 S - 4 potions of flight {unknown}
Comestibles
 f - 8 bread rations {@e1}
 g - 46 fruits
 l - 4 beef jerkies
 m - 4 chunks of flesh {@w0}
 R - 10 slices of pizza
 Y - 12 meat rations {@e2}
 Z - 7 royal jellies


   Skills:
 - Level 12.0(17.0) Fighting
   Level 2.4(7.4) Long Blades
 + Level 26.6(27) Bows
 - Level 3.6(8.6) Armour
   Level 3.6(8.6) Shields
 - Level 11.0 Invocations


You had 12 spell levels left.
You knew the following spells:

 Your Spells              Type           Power        Failure   Level  Hunger
a - Repel Missiles        Chrm/Air       #.....       100%        2    ###....
b - Swiftness             Chrm/Air       #.......     100%        2    ###....


Dungeon Overview and Level Annotations

Branches:
Dungeon (15/15)            Temple (0/1) D:6            Lair (6/6) D:8
 Shoals (3/4) Lair:2       Spider (2/4) Lair:4        Slime (0/5) Lair:6
    Orc (2/2) D:9             Elf (0/3) Orc:2        Vaults (0/5) D:14
 Depths (1/5) D:15

Altars:
Ashenzari
Cheibriados
Gozag
Hepliaklqana
Nemelex Xobeh
Okawaru
Ru
Trog
Uskayaw
Xom
Zin
The Shining One

Shops:
D:7 (   D:13 [   Orc:1 }(   Orc:2 (!=[

Annotations:
D:12 4 runed doors


Innate Abilities, Weirdness & Mutations

You reflexively headbutt those who attack you in melee.
You have a pair of horns on your head.
Your flesh is heat resistant. (rF+)
Your system is resistant to poisons. (rPois)


Message History

Aim: a wolf spider (moderately wounded, clinging)
You shoot an arrow. The arrow hits the wolf spider!
The arrow burns the wolf spider.
The wolf spider is heavily wounded.
* * * LOW HITPOINT WARNING * * *
You feel sick. The demonic crawler hits you.
* * * LOW MAGIC WARNING * * *;
* * * LOW HITPOINT WARNING * * *
The demonic crawler hits you but does no damage. x2
The wolf spider hits you!
* * * LOW MAGIC WARNING * * *;
* * * LOW HITPOINT WARNING * * *
The wolf spider bites you but does no damage.
You take 20 damage, and have 1/146 hp.
You now have 0/24 mp.
Firing (i - inventory):
q - 566 arrows (quivered)
Press: ? - help, Shift-Dir - straight line, f/p - wolf spider
Aim: a wolf spider (heavily wounded, clinging)
Okay, then.
As you read the scroll of fear, it crumbles to dust.
You assume a fearsome visage.
The wolf spider looks frightened!
The demonic crawler is unaffected.
You die...

· ▒▒··▒ ▒▒···▒·▒· ▒·
▒··· ▒▒(·|····▒
▒··▒▒··▒▒▒▒····▒▒▒·▒
▒··▒·▒··▒▒†·······▒▒
▒▒·▒······▒·†·▒▒····▒
▒·▒·····▒·†·▒(·▒·▒▒▒▒
▒^·▒▒▒▒···▒▒(·▒·(▒
▒··^·s···▒·▒·<·▒(·▒
▒····▒@·▒▒▒▒···▒··(··
·▒·▒(s▒(·▒ · ·▒(·▒▒··
▒·(▒··▒▒▒· · ▒▒▒ ·
((▒·?·▒▒ ▒· ▒·▒· ··
·(·· · ▒· ·▒


You could see a demonic crawler and a wolf spider (fleeing).

Vanquished Creatures
  Mara (Shoals:3)
  Jorgrun (Spider:2)
  A kraken (Shoals:2)
  Gastronok (D:8)
  A juggernaut zombie (D:15)
  2 orc warlords
  A ghost moth (Spider:2)
  An emperor scorpion (Spider:2)
  A stone giant (Orc:2)
  4 merfolk javelineers
  A minotaur (Shoals:1)
  3 fire dragons
  2 merfolk impalers
  A vault guard (D:14)
  2 centaur warriors
  4 hydras
  A merfolk aquamancer (Shoals:3)
  7 death yaks
  3 satyrs
  A tengu warrior (D:15)
  A titan skeleton (D:15)
  Nergalle (Lair:3)
  2 skeletal warriors (D:15)
  4 sea snakes
  An unseen horror (D:14)
  A flayed ghost (D:15)
  A deep troll (D:11)
  6 orc knights
  A deep elf archer (D:12)
  22 harpies
  5 hill giants
  A necromancer (D:15)
  18 ugly things
  10 orb spiders
  A deep elf mage (D:15)
  An orc sorcerer (Orc:2)
  14 wolf spiders
  9 manticores
  14 fauns
  6 cyclopes
  5 sirens
  Maurice (D:12)
  3 black mambas
  11 elephants
  3 water nymphs
  A frost giant skeleton (D:15)
  4 centaur zombies
  7 spiny frogs
  6 centaur skeletons
  4 gargoyles
  3 kobold demonologists
  9 rime drakes (Lair:6)
  6 komodo dragons
  The ghost of Monsterracer the Shooter, a novice HEHu (D:5)
  3 demonic crawlers (Spider:1)
  2 efreet
  A jumping spider (shapeshifter) (Depths:1)
  4 polar bears
  A yaktaur skeleton (D:15)
  4 meliai (Shoals:1)
  7 jumping spiders
  10 trolls
  6 wind drakes
  4 hornets
  8 slime creatures (D:15)
  17 merfolk
  14 hippogriffs
  2 two-headed ogres (D:13)
  7 dream sheep
  8 blink frogs
  8 snapping turtles
  Sigmund (D:3)
  27 redbacks
  A vampire (D:12)
  13 spriggans (Lair:6)
  11 water elementals
  A wraith (D:12)
  24 yaks
  4 shadows
  2 steam dragons
  5 tarantellas (Spider:2)
  A fire elemental (D:13)
  4 wyverns
  A basilisk (Lair:6)
  2 hungry ghosts
  Grum (D:8)
  6 wargs
  3 mottled dragons
  A soldier ant (D:12)
  11 water moccasins
  8 porcupines
  8 sky beasts
  46 orc warriors
  7 ice beasts
  2 hornet zombies
  2 black bears
  5 eyes of draining
  2 phantoms
  3 boggarts (Lair:6)
  18 ogres
  27 wolves
  20 centaurs
  19 crocodiles
  5 big kobolds
  Blork the orc (D:6)
  18 bullfrogs
  2 wyvern zombies
  A gnoll sergeant (D:8)
  A wyvern skeleton (D:7)
  6 scorpions
  A water moccasin skeleton (D:7)
  4 wights (D:12)
  4 electric eels
  8 howler monkeys
  4 crimson imps
  A bullfrog zombie (D:5)
  3 bullfrog skeletons
  6 hounds
  4 jellies
  12 orc priests
  A gnoll shaman (D:10)
  23 orc wizards
  8 worker ants
  2 iguanas (D:12)
  Ijyb (D:3)
  A killer bee zombie (D:10)
  2 hound skeletons
  A hound zombie (D:8)
  A howler monkey zombie (D:10)
  27 gnolls
  16 adders
  2 shadow imps
  An ooze (D:1)
  An adder zombie (D:3)
  An adder skeleton (D:5)
  2 worms (D:2)
  3 dart slugs
  4 leopard geckos
  94 orcs
  2 ball pythons
  4 giant cockroaches
  25 goblins
  16 hobgoblins
  16 jackals
  2 quokkas
  5 bats
  5 frilled lizards
  17 kobolds
  A leopard gecko zombie (D:7)
  6 rats
  A fungus (Lair:5)
  9 plants
  A tentacle (Shoals:2)
996 creatures vanquished.

Vanquished Creatures (others)
  13 plants
  15 tentacles (Shoals:2)
  2 withered plants (D:15)
30 creatures vanquished.

Grand Total: 1026 creatures vanquished

Notes
Turn   | Place    | Note
-------+----------+-------------------------------------------
     0 | D:1      | Azzok the Minotaur Fighter began the quest for the Orb.
     0 | D:1      | Reached XP level 1. HP: 19/19 MP: 0/0
    68 | D:1      | Reached XP level 2. HP: 28/28 MP: 1/1
   528 | D:2      | Reached skill level 5 in Fighting
   590 | D:2      | Reached XP level 3. HP: 34/36 MP: 2/2
  1280 | D:2      | Reached XP level 4. HP: 36/44 MP: 3/3
  1697 | D:3      | Noticed Sigmund
  1706 | D:3      | Killed Sigmund
  1706 | D:3      | Reached XP level 5. HP: 38/53 MP: 4/4
  1848 | D:3      | Noticed Ijyb
  1861 | D:3      | Killed Ijyb
  1861 | D:3      | Reached XP level 6. HP: 57/61 MP: 5/5
  2013 | D:3      | Found a sparkling altar of Nemelex Xobeh.
  2073 | D:3      | Found an iron altar of Okawaru.
  2097 | D:3      | Became a worshipper of Warmaster Okawaru
  2194 | D:3      | Found a shimmering altar of Xom.
  2199 | D:3      | Found a hazy altar of Hepliaklqana.
  2199 | D:3      | Noticed a yak
  2200 | D:3      | Noticed a spectral ugly thing
  2200 | D:3      | Noticed a yak
  2395 | D:3      | Reached skill level 1 in Invocations
  2564 | D:3      | Found a glowing silver altar of Zin.
  3103 | D:4      | Reached XP level 7. HP: 37/70 MP: 5/8
  3298 | D:4      | Found a sacrificial altar of Ru.
  3359 | D:4      | Reached * piety under Okawaru
  3893 | D:5      | Entered Level 5 of the Dungeon
  4179 | D:5      | Noticed Monsterracer's ghost (novice HEHu)
  4205 | D:5      | Killed Monsterracer's ghost
  4205 | D:5      | Reached skill level 10 in Fighting
  4205 | D:5      | Reached XP level 8. HP: 66/79 MP: 8/10
  4287 | D:5      | Reached skill level 5 in Invocations
  4316 | D:5      | Found an iron altar of Okawaru.
  4347 | D:5      | Reached ** piety under Okawaru
  4435 | D:6      | Noticed Blork the orc
  4440 | D:6      | Killed Blork the orc
  4445 | D:6      | Reached skill level 1 in Bows
  4573 | D:6      | Found a bloodstained altar of Trog.
  4610 | D:6      | Reached skill level 2 in Bows
  4968 | D:6      | Found a staircase to the Ecumenical Temple.
  4992 | D:6      | Reached skill level 3 in Bows
  4997 | D:6      | Gained mutation: Your flesh is heat resistant. (rF+) [mutagenic meat]
  4999 | D:6      | Gained mutation: Your system is resistant to poisons. (rPois) [mutagenic meat]
  5238 | D:6      | Reached *** piety under Okawaru
  5530 | D:6      | Reached XP level 9. HP: 85/89 MP: 12/12
  5610 | D:7      | Reached skill level 4 in Bows
  5670 | D:7      | Found Issebbu's Weapon Shop.
  5848 | D:7      | Got a brightly glowing platinum ring
  5851 | D:7      | Identified the ring "Xazo" {rElec rF+ Dex+3 SInv Stlth+} (You found it on level 7 of the Dungeon)
  6042 | D:7      | Reached skill level 5 in Bows
  6085 | D:7      | Found an opulent altar of Gozag.
  6275 | D:7      | Found a snail-covered altar of Cheibriados.
  6289 | D:7      | Reached **** piety under Okawaru
  6509 | D:8      | Reached skill level 6 in Bows
  6803 | D:8      | Found a staircase to the Lair.
  7017 | D:8      | Noticed Grum
  7017 | D:8      | Reached XP level 10. HP: 60/97 MP: 10/15
  7033 | D:8      | Reached skill level 7 in Bows
  7037 | D:8      | Received a gift from Okawaru
  7044 | D:8      | Killed Grum
  7518 | D:8      | Noticed Gastronok
  7535 | D:8      | Killed Gastronok
  7535 | D:8      | Reached ***** piety under Okawaru
  7535 | D:8      | Received a gift from Okawaru
  7535 | D:8      | Reached skill level 8 in Bows
  7698 | D:8      | Reached skill level 9 in Bows
  7992 | D:8      | Reached skill level 10 in Invocations
  8825 | D:9      | Reached XP level 11. HP: 99/104 MP: 15/17
  8881 | D:9      | Found a staircase to the Orcish Mines.
  8888 | D:9      | Received a gift from Okawaru
  9074 | D:9      | Reached skill level 10 in Bows
  9135 | D:9      | Noticed a three-headed hydra
  9142 | D:9      | Killed a one-headed hydra
  9142 | D:9      | Received a gift from Okawaru
  9418 | Lair:1   | Entered Level 1 of the Lair of Beasts
  9685 | Lair:1   | Reached skill level 11 in Bows
 10562 | Lair:2   | Reached skill level 12 in Bows
 11018 | Lair:2   | Found a staircase to the Shoals.
 11342 | Lair:3   | Received a gift from Okawaru
 11585 | Lair:3   | Noticed Nergalle
 11715 | Lair:3   | Killed Nergalle
 12255 | Lair:4   | Reached skill level 13 in Bows
 12293 | Lair:4   | Reached ****** piety under Okawaru
 12325 | Lair:4   | Received a gift from Okawaru
 12399 | Lair:4   | Found a hole to the Spider Nest.
 12442 | Lair:4   | Noticed a four-headed hydra
 12447 | Lair:4   | Killed a four-headed hydra
 12447 | Lair:4   | Reached XP level 12. HP: 112/112 MP: 19/19
 12610 | Lair:4   | Reached skill level 14 in Bows
 13048 | Lair:4   | Identified the Almanac of Spatial Curses
 13059 | Lair:4   | Received a gift from Okawaru
 13335 | Lair:5   | Received a gift from Okawaru
 13383 | Lair:5   | Reached skill level 15 in Bows
 13462 | Lair:5   | Received a gift from Okawaru
 14122 | Lair:6   | Entered Level 6 of the Lair of Beasts
 14122 | Lair:6   | Noticed a death yak
 14122 | Lair:6   | Noticed a death yak
 14125 | Lair:6   | Noticed a death yak
 14126 | Lair:6   | Noticed a death yak
 14127 | Lair:6   | Noticed a death yak
 14128 | Lair:6   | Noticed a death yak
 14131 | Lair:6   | Noticed a death yak
 14144 | Lair:5   | Killed a death yak
 14144 | Lair:5   | Reached skill level 16 in Bows
 14150 | Lair:5   | Killed a death yak
 14192 | Lair:5   | Killed a death yak
 14236 | Lair:5   | Killed a death yak
 14239 | Lair:5   | Killed a death yak
 14283 | Lair:5   | Killed a death yak
 14706 | Lair:6   | Reached skill level 17 in Bows
 14706 | Lair:6   | Reached XP level 13. HP: 118/118 MP: 20/20
 14748 | Lair:6   | Found a staircase to the Slime Pits.
 14774 | Lair:6   | Received a gift from Okawaru
 14804 | Lair:6   | Received a gift from Okawaru
 15131 | Lair:6   | Reached skill level 18 in Bows
 15981 | Lair:6   | Received a gift from Okawaru
 16165 | Lair:6   | Received a gift from Okawaru
 16212 | Lair:6   | Got an ancient flail
 16214 | Lair:6   | Identified the +0 flail of Subjectivity {venom, MP+9} (You found it on level 6 of the Lair of Beasts)
 16296 | Lair:6   | Reached skill level 19 in Bows
 16614 | Lair:1   | Learned a level 2 spell: Repel Missiles
 16617 | Lair:1   | Learned a level 2 spell: Swiftness
 16684 | D:10     | Entered Level 10 of the Dungeon
 17829 | D:11     | Reached XP level 14. HP: 71/126 MP: 13/21
 18087 | D:11     | Found a sacrificial altar of Ru.
 18488 | D:12     | Reached skill level 20 in Bows
 18558 | D:12     | Noticed Maurice
 18561 | D:12     | Killed Maurice
 18576 | D:12     | Found a flagged portal.
 18602 | Bailey   | Entered a bailey
 18817 | Bailey   | Noticed an orc warlord
 18830 | Bailey   | Killed an orc warlord
 19094 | D:12     | Found a large runed door.
 19094 | D:12     | Found a large runed door.
 19123 | D:12     | Received a gift from Okawaru
 19183 | D:12     | Found a large runed door.
 19183 | D:12     | Found a large runed door.
 19630 | Lair:1   | Identified 3 scrolls of acquirement
 19855 | D:13     | Found Ozas's Antique Armour Shop.
 19863 | D:13     | Bought a fine scale mail for 198 gold pieces
 19873 | D:13     | Identified the +1 scale mail of the Solstice {Str+3} (You bought it in a shop on level 13 of the Dungeon)
 20004 | D:13     | Found a glowing golden altar of the Shining One.
 20223 | D:13     | Reached skill level 21 in Bows
 20328 | D:14     | Received a gift from Okawaru
 20663 | D:14     | Received a gift from Okawaru
 20673 | D:14     | Received a gift from Okawaru
 20957 | D:14     | Found a gate to the Vaults.
 21138 | D:14     | Received a gift from Okawaru
 21291 | D:14     | Reached skill level 22 in Bows
 21498 | D:15     | Entered Level 15 of the Dungeon
 21505 | D:15     | Reached XP level 15. HP: 104/132 MP: 17/22
 21772 | D:15     | Found a staircase to the Depths.
 21834 | D:15     | Received a gift from Okawaru
 22484 | Depths:1 | Entered Level 1 of the Depths
 22490 | D:15     | Reached skill level 23 in Bows
 22603 | Depths:1 | Received a gift from Okawaru
 22606 | Depths:1 | Found a shattered altar of Ashenzari.
 22635 | Depths:1 | Got a bound lapis lazuli ring
 22637 | Depths:1 | Got a steaming lead ring
 22639 | Depths:1 | Got an ancient steel ring
 22673 | D:15     | Identified the ring of Litam {*Corrode Str+8 Int+3 SInv} (You acquired it on level 1 of the Depths)
 22674 | D:15     | Identified the ring "Zigaqe" {rCorr -Tele rElec rN+ Dex+5} (You acquired it on level 1 of the Depths)
 22675 | D:15     | Identified the ring of Jyasaotz {Str+2 Dex+6 SInv Stlth-} (You acquired it on level 1 of the Depths)
 22962 | Orc:1    | Entered Level 1 of the Orcish Mines
 23131 | Orc:2    | Entered Level 2 of the Orcish Mines
 23496 | Orc:2    | Received a gift from Okawaru
 23662 | Orc:2    | Found Roqauro's Distillery.
 23662 | Orc:2    | Found Soushrass's Jewellery Boutique.
 23670 | Orc:2    | Found Munecs's Antique Armour Shop.
 23672 | Orc:2    | Found Fogol's Antique Weapon Emporium.
 23703 | Orc:2    | Bought a potion of degeneration for 13 gold pieces
 23715 | Orc:2    | Bought the ring of Vecomuy {rElec rC+} for 468 gold pieces
 23758 | Orc:2    | Found a staircase to the Elven Halls.
 23858 | Orc:2    | Noticed an orc warlord
 23868 | Orc:2    | Killed an orc warlord
 23871 | Orc:2    | Received a gift from Okawaru
 24814 | Orc:1    | Found Quuvupyo's Gadget Boutique.
 24870 | Orc:1    | Found Boosmy's Weapon Shop.
 25272 | Shoals:1 | Entered Level 1 of the Shoals
 25513 | Shoals:1 | Got a flickering platinum ring
 25658 | Shoals:1 | Found a hide-covered altar of Uskayaw.
 25664 | Shoals:1 | Reached skill level 24 in Bows
 26110 | Shoals:1 | Received a gift from Okawaru
 26372 | Shoals:1 | Received a gift from Okawaru
 26374 | Shoals:1 | Reached XP level 16. HP: 133/139 MP: 23/23
 26898 | Shoals:1 | Got a shimmering longbow
 26899 | Shoals:1 | Identified the +10 longbow of a wizard's laboratory {flame, Int+7} (You found it on level 1 of the Shoals)
 27494 | Shoals:2 | Noticed a kraken
 27567 | Shoals:2 | Killed a kraken
 27567 | Shoals:2 | Received a gift from Okawaru
 28401 | Shoals:3 | Reached skill level 25 in Bows
 28807 | Shoals:3 | Noticed Mara
 28811 | Shoals:3 | Noticed Azzok's illusion
 28826 | Shoals:3 | Noticed Azzok's illusion
 28981 | Shoals:3 | Killed Mara
 30578 | Lair:1   | Identified the ring "Qiozeiptef" {+Blink MR+ Str+2 Dex+5 Slay-4} (You found it on level 1 of the Shoals)
 30714 | Spider:1 | Entered Level 1 of the Spider Nest
 30857 | Spider:1 | Reached skill level 26 in Bows
 30920 | Spider:1 | Received a gift from Okawaru
 31298 | Spider:2 | Reached XP level 17. HP: 146/146 MP: 24/24
 31517 | Spider:2 | Noticed Jorgrun
 31533 | Spider:2 | Killed Jorgrun
 31761 | Spider:2 | HP: 1/146 [wolf spider (13)]
 31762 | Spider:2 | Succumbed to a wolf spider's poison

Skill      XL: |  1  2  3  4  5  6  7  8  9 10 11 12 13 14 15 16 |
---------------+-------------------------------------------------+-----
Fighting       | 4 5 8 9 10 11 12 | 12.0
Invocations    | 2 4 6 8 10 11 | 11.0
Bows           | 3 6 9 13 17 19 22 24 26 | 26.6
Long Blades    | |  2.4
Armour         | |  3.6
Shields        | |  3.6

Action                   |  1- 3 |  4- 6 |  7- 9 | 10-12 | 13-15 | 16-18 || total
-------------------------+-------+-------+-------+-------+-------+-------++-------
Melee: Long sword        |    44 |       |       |       |       |       ||    44
       Headbutt          |    13 |    16 |    82 |    80 |     4 |    14 ||   209
       Dagger            |    31 |   106 |    51 |       |       |       ||   188
       Whip              |       |       |   295 |   279 |       |       ||   574
       Falchion          |       |       |       |    11 |       |       ||    11
       Lajatang          |       |       |       |       |    11 |    33 ||    44
 Fire: Longbow           |       |       |       |   346 |  1510 |   573 ||  2429
Invok: Heroism           |       |       |     1 |     3 |     2 |     2 ||     8
       Finesse           |       |       |       |       |     1 |     1 ||     2
  Use: Scroll            |       |       |     1 |    12 |    24 |     5 ||    42
  Eat: Chunk             |     1 |     6 |    17 |    21 |    34 |    16 ||    95
       Fruit             |       |       |       |     3 |       |     1 ||     4
Armor: Scale mail        |    24 |    31 |     7 |       |       |       ||    62
       Plate armour      |       |       |   168 |   295 |   283 |   163 ||   909
Dodge: Dodged            |    31 |    20 |    24 |    90 |   134 |    71 ||   370
Block: Shield            |    38 |    45 |   138 |   142 |       |       ||   363
       Rpst.: Long sword |     3 |       |       |       |       |       ||     3
